 Dungeon Crawl Stone Soup version 0.29-a0-613-gf2c431b9b9 (webtiles) character file.

Game seed: 9900903875827116099

11 moldycheese5 the Skirmisher (level 2, 22/24 HPs)
             Began as a Demonspawn Berserker on June 16, 2022.
             Was a Follower of Trog.
             Got out of the dungeon alive.
             The game lasted 00:00:39 (550 turns).

moldycheese5 the Skirmisher (Demonspawn Berserker)   Turns: 550, Time: 00:00:39

Health: 22/24      AC:  2    Str: 17    XL:     2   Next: 13%
Magic:  2/2        EV: 12    Int:  8    God:    Trog [*.....]
Gold:   24         SH:  0    Dex: 12    Spells: 1/1 levels left

rFire   . . .      SeeInvis .   a - +0 falchion
rCold   + . .      Faith    .   (no shield)
rNeg    . . .      Spirit   .   b - +0 animal skin
rPois   .          Reflect  .   (no helmet)
rElec   .          Harm     .   (no cloak)
rCorr   .          Rampage  .   (no gloves)
Will    .....                   (no boots)
Stlth   +.........              (no amulet)
HPRegen 0.08/turn               f - ring of protection from cold
MPRegen 0.16/turn               (no ring)

@: no status effects
A: magic regeneration
a: Renounce Religion, Berserk


You escaped.
You worshipped Trog.
Trog was aware of your devotion.
You visited 1 branch of the dungeon, and saw 1 of its levels.

You collected 24 gold pieces.

Inventory:

Hand Weapons
 a - a +0 falchion (weapon)
Armour
 b - a +0 animal skin (worn)
Jewellery
 f - a ring of protection from cold (left hand)
Scrolls
 e - 3 scrolls of identify {unknown}
Potions
 c - a potion of attraction {unknown}
 d - a potion of curing {unknown}
 g - a potion of invisibility {unknown}


   Skills:
 + Level 3.2 Fighting
 + Level 3.0 Long Blades
 + Level 1.8 Armour
 + Level 1.8 Dodging


You had one spell level left.
You didn't know any spells.
Your spell library was empty.

Dungeon Overview and Level Annotations

Branches:
Dungeon (1/15)

Altars:


Innate Abilities, Weirdness & Mutations

You regenerate magic rapidly.


Message History

e - 3 scrolls labelled FAW GIMOIMIQATZ (gained 1)
You now have 24 gold pieces (gained 15).
A goblin comes into view. It is wielding a +0 club.
The goblin shouts!
A goblin is nearby!
A goblin is nearby!
A goblin is nearby!
A goblin is nearby!
A goblin is nearby!
The goblin barely misses you.
You closely miss the goblin. The goblin hits you with a +0 club.
You closely miss the goblin. The goblin barely misses you.
You miss the goblin. The goblin hits you with a +0 club.
You hit the goblin.
The goblin is heavily wounded.
The goblin closely misses you. The goblin hits you with a +0 club.
You hit the goblin. You punch the goblin.
The goblin is almost dead.
The goblin barely misses you.
You barely miss the goblin.
The goblin is almost dead.
The goblin hits you but does no damage.
You slash the goblin!
You kill the goblin!
Trog accepts your kill.
No target in view!
No target in view!
No target in view!
Things that are here:
a +0 club; a goblin corpse
There is an open door here.
There is an open door here.
There is an open door here.
There is an open door here.
There is an open door here.
There is a staircase leading out of the dungeon here.
Are you sure you want to leave the Dungeon?
This will make you lose the game!
Alright, then stay!
Are you sure you want to leave the Dungeon?
This will make you lose the game!
You have escaped!

≈.♣≈≈..♣≈≈.♣≈#####.###.######
≈♣P≈≈♣♣♣≈≈♣P≈# #.# #.#
≈P.≈≈♣PP≈≈P♣≈# #.# #.#
≈P.≈≈.PP≈≈PP≈# #.###.#
≈♣P≈≈♣.♣≈≈♣♣≈# #.....#
≈♣.≈≈≈≈≈≈≈.P≈#####.....#
≈♣P≈.....≈♣P≈#...#.....#
≈≈≈≈.###.≈≈≈≈#...#.###.#####
.....#§#.....'..@#.##......#
≈≈≈≈.###.≈≈≈≈#...#.##......#
≈P♣≈.....≈♣♣≈#...#.##......#
≈.♣≈≈≈≈≈≈≈.P≈#####.........#
≈..≈≈♣P.≈≈.P≈#.....##......#
≈♣.≈≈.♣♣≈≈P♣≈#.###+##......#
≈P.≈≈PP♣≈≈PP≈#.#...........#
≈PP≈≈.PP≈≈..≈#.#.......#####
≈♣P≈≈P♣♣≈≈.P≈#.#.......#


There were no monsters in sight!

Vanquished Creatures
  2 bats (D:1)
  An endoplasm (D:1)
  2 goblins (D:1)
  A hobgoblin (D:1)
  2 kobolds (D:1)
  A quokka (D:1)
9 creatures vanquished.

Notes
Turn   | Place    | Note
-------+----------+-------------------------------------------
     0 | D:1      | moldycheese5 the Demonspawn Berserker began the quest for
                  | the Orb.
     0 | D:1      | Reached XP level 1. HP: 18/18 MP: 1/1
   310 | D:1      | Gained mutation: You regenerate magic rapidly. [demonic
                  | ancestry]
   310 | D:1      | Reached XP level 2. HP: 24/24 MP: 2/2
   550 | D:$      | Got out of the dungeon alive.

Illustrated notes

Levels and vault maps discovered:
D:1:      lightli_arrival_farm, layout_basic, minmay_indecisive_spiral

Skill      XL: |  1 |
---------------+----+-----
Long Blades    | 3 |  3.0
Fighting       | |  3.2
Armour         | |  1.8
Dodging        | |  1.8

Action                   || total
-------------------------++-------
Melee: Falchion          ||    34
       Punch             ||     1
Armor: Animal skin       ||     7
Dodge: Dodged            ||    22

Table legend: (Time is in decaauts)
 A = Elapsed time spent in this place.
 B = Non-inter-level travel time spent in this place.
 C = Inter-level travel time spent in this place.
 D = Time resting spent in this place.
 E = Time spent auto-exploring this place.
 F = Levels seen in this place.
 G = Mean time per level.
                   A        B        C        D        E       F      G
               +--------+--------+--------+--------+--------+-----+--------+
         Total |    563 |    486 |     77 |      0 |    408 |   1 |  563.0 |
       Dungeon |    563 |    486 |     77 |      0 |    408 |   1 |  563.0 |
               +--------+--------+--------+--------+--------+-----+--------+

Top non-repeatable levels by time:
     D:1: 563 daAuts
